 Dungeon Crawl Stone Soup version 0.23-a0-143-g1adec7b (webtiles) character file.

80 Amnesiac the Cutter (level 4, 0/35 HPs)
             Began as a Mummy Monk on Sept 5, 2018.
             Slain by a shadow imp (2 damage)
             ... summoned by Natasha
             ... on level 4 of the Dungeon.
             The game lasted 00:02:03 (1364 turns).

Amnesiac the Cutter (Mummy Monk)                    Turns: 1364, Time: 00:02:03

Health: 0/35       AC:  6    Str: 15    XL:     4   Next: 18%
Magic:  4/4        EV: 11    Int:  9    God:
Gold:   43         SH:  0    Dex: 14    Spells: 3/3 levels left

rFire    . . .     SeeInvis .   b - +0 falchion
rCold    . . .     Gourm    .   (no shield)
rNeg     + + +     Faith    .   c - +0 ring mail
rPois    ∞         Spirit   .   (no helmet)
rElec    .         Reflect  .   (no cloak)
rCorr    .         Harm     .   (no gloves)
MR       .....                  g - +0 pair of boots
Stlth    +.........             e - amulet of magic regeneration
HPRegen  0.11/turn              (no ring)
MPRegen  0.34/turn              h - ring of fire

@: no status effects
A: no food or potions, fire vulnerability, cold resistance 1, negative energy
resistance 3, torment resistance, unbreathing
a: no special abilities


You were on level 4 of the Dungeon.
You were not hungry.

You visited 1 branch of the dungeon, and saw 5 of its levels.

You collected 43 gold pieces.

Inventory:

Hand Weapons
 a - a +0 short sword
 b - a +0 falchion (weapon)
Armour
 c - a +0 ring mail (worn)
 g - a +0 pair of boots (worn)
Jewellery
 e - an amulet of magic regeneration (around neck)
 h - a ring of fire (right hand)
Scrolls
 d - a scroll of teleportation {!r}
 i - a scroll of noise {!r, unknown}


   Skills:
 - Level 3.0 Fighting
 * Level 3.7 Short Blades
 + Level 1.5 Armour
 - Level 2.4 Dodging
 - Level 1.5 Stealth


You had 3 spell levels left.
You didn't know any spells.
Your spell library was empty.

Dungeon Overview and Level Annotations

Branches:
Dungeon (5/15)
 Temple: D:4-7

Altars:

Annotations:
D:4 Natasha


Innate Abilities, Weirdness & Mutations

You do not eat or drink.
Your flesh is vulnerable to fire.
You are immune to poison.
Your flesh is cold resistant. (rC+)
You are immune to negative energy. (rN+++)
You are immune to unholy pain and torment.
You can survive without breathing.


Message History

Natasha is almost dead.
You closely miss Natasha.
Natasha is almost dead.
Natasha claws you.
You hit Natasha.
You kill Natasha!
Suddenly Natasha's spirit rises from her lifeless body.
The crimson imp disappears in a puff of smoke!
You have reached level 4!
You start resting.
Natasha, Servant of Life and Death comes into view.
You see here the felid corpse of Natasha.
You start resting.
Natasha is too close now for your liking.
Natasha barely misses you.
You barely miss Natasha. Natasha claws you.
You hit Natasha but do no damage.
Natasha casts a spell.
You hit Natasha.
Natasha is heavily wounded.
Natasha closely misses you.
The shadow imp hits you but does no damage.
Natasha mewls in sadness.
Natasha claws you but does no damage.
You completely miss Natasha.
Natasha is heavily wounded.
The shadow imp hits you.
* * * LOW HITPOINT WARNING * * *
Natasha barely misses you.
You closely miss Natasha.
Natasha is heavily wounded.
The shadow imp misses you.
Natasha casts a spell.
You barely miss Natasha.
Natasha is heavily wounded.
The shadow imp hits you but does no damage.
Natasha claws you.
* * * LOW HITPOINT WARNING * * *
The shadow imp hits you but does no damage.
You hit Natasha.
Natasha is severely wounded.
The shadow imp barely misses you.
You riposte.
You barely miss the shadow imp. Natasha barely misses you.
The shadow imp hits you but does no damage. x2
You closely miss Natasha.
Natasha is severely wounded.
Natasha barely misses you. The shadow imp hits you.
* * * LOW HITPOINT WARNING * * *
The shadow imp closely misses you.
You riposte.
You hit the shadow imp.
The shadow imp is heavily wounded.
Natasha claws you.
* * * LOW HITPOINT WARNING * * *
You barely miss Natasha.
Natasha is severely wounded.
The shadow imp hits you.
* * * LOW HITPOINT WARNING * * *
The shadow imp barely misses you. Natasha claws you.
* * * LOW HITPOINT WARNING * * *
You closely miss Natasha.
Natasha is severely wounded.
The shadow imp misses you. The shadow imp hits you.
* * * LOW HITPOINT WARNING * * *
Natasha claws you but does no damage. The shadow imp hits you.
You die...

## #.. #.# #.# #.#
#.# ######
##.#########......
#.........h.5#
#..########@.#
#..# #5.# #..#
#..# #..# #..#
#..###### #..#
#..[....###..#
#.#####......# #>#
#.###.## #.#
###.###.#


You could see Natasha and 2 shadow imps.

Vanquished Creatures
  Natasha (D:4)
  2 adders
  An ooze (D:1)
  An adder skeleton (D:4)
  A dart slug (D:1)
  3 orcs
  3 giant cockroaches
  4 goblins
  A hobgoblin (D:1)
  A quokka (D:4)
  3 bats
  4 frilled lizards
  A kobold (D:1)
  A rat (D:1)
27 creatures vanquished.

Notes
Turn   | Place    | Note
-------+----------+-------------------------------------------
     0 | D:1      | Amnesiac the Mummy Monk began the quest for the Orb.
     0 | D:1      | Reached XP level 1. HP: 18/18 MP: 1/1
   341 | D:1      | Reached XP level 2. HP: 21/24 MP: 2/2
   787 | D:2      | Reached skill level 1 in Armour
   787 | D:2      | Reached XP level 3. HP: 14/29 MP: 3/3
   799 | D:2      | You fall through a shaft for 2 floors!
  1311 | D:5      | Entered Level 5 of the Dungeon
  1332 | D:4      | Noticed Natasha
  1341 | D:4      | Killed Natasha
  1341 | D:4      | Reached XP level 4. HP: 22/35 MP: 4/4
  1347 | D:4      | Noticed Natasha
  1364 | D:4      | Slain by a shadow imp

Vault maps used:
D:1:      tarquinn_simple_flora_water_d, minmay_misc_feat_alley
D:3:      lemuel_coloured_pillars_altar, grunt_ministairs_8
D:4:      minmay_temple_entry_overgrown, serial_shops, kennysheep_little_box,
          kennysheep_small_spiral, uniq_natasha
D:5:      nicolae_ru_awakened_eye, nicolae_overflow_hidden_temple,
          kennysheep_mini_moat, first_ration

Skill      XL: |  1  2 |
---------------+-------+-----
Short Blades   | 3 |  3.7
Armour         | 1 |  1.5
Fighting       | |  3.0
Dodging        | |  2.4
Stealth        | |  1.5

Action                   |  1- 3 |  4- 6 || total
-------------------------+-------+-------++-------
Melee: Short sword       |   138 |       ||   138
       Falchion          |    14 |    10 ||    24
  Use: Scroll            |     3 |       ||     3
Armor: Ring mail         |    56 |     7 ||    63
       Robe              |     9 |       ||     9
Dodge: Dodged            |    92 |    10 ||   102
       Rpst.: Falchion   |     3 |     2 ||     5

Table legend:
 A = Non-vault XP
 B = Vault XP
 C = Vault XP percentage of total XP
 D = Non-vault monster count
 E = Vault monster count
 F = Vault count percentage of total count
                 A         B        C        D         E       F
            +---------+---------+-------+---------+---------+-------
      Total |      79 |      36 |  31.3 |      26 |       1 |   3.7
            +---------+---------+-------+---------+---------+-------
        D:1 |      29 |       0 |   0.0 |      14 |       0 |   0.0
        D:2 |      20 |       0 |   0.0 |       6 |       0 |   0.0
        D:3 |       3 |       0 |   0.0 |       1 |       0 |   0.0
        D:4 |      27 |      36 |  57.1 |       5 |       1 |  16.7
            +---------+---------+-------+---------+---------+-------
